 Dungeon Crawl Stone Soup version 0.30-a0-879-ga8ba668304 (webtiles) character file.

Game seed: 12648011812914541932

10105 Gerhazo the Thaumaturge (level 11, -7/79 HPs)
             Began as a Djinni Hedge Wizard on Mar 11, 2023.
             Was an Elder of Makhleb.
             Killed from afar by a gargoyle (18 damage)
             ... with a stone arrow
             ... on level 10 of the Dungeon on Mar 13, 2023.
             The game lasted 00:29:21 (9555 turns).

Gerhazo the Thaumaturge (Djinni Hedge Wizard)       Turns: 9555, Time: 00:29:21

Health: -7/79      AC:  5    Str:  9    XL:     11   Next: 86%
Gold:   555        EV: 21    Int: 27    God:    Makhleb [****..] SH:  0 Dex: 17

rFire   + + +      SeeInvis .    N - +3 rapier of Egomania {venom, *Rage Int+8 Dex+3}
rCold   x . .      Faith    .    (no shield)
rNeg    . . .      Spirit   .    o - +0 troll leather armour
rPois   ∞          Reflect  .    c - +0 hat
rElec   .          Rampage  .    A - +0 cloak
rCorr   .          Rage     20%  (no gloves)
Will    +....                    (boots unavailable)
Stlth   ++++                     z - amulet of regeneration
HPRegen 1.93/turn                F - ring of protection from fire
MPRegen 0.00/turn                K - +5 ring of evasion

@: flying
A: sickness immunity, fire resistance 2, cold vulnerability 1, float, innate
caster, HP casting, extra vitality 1
a: Renounce Religion, Minor Destruction, Lesser Servant of Makhleb, Major
Destruction


You were on level 10 of the Dungeon.
You worshipped Makhleb.
Makhleb was greatly pleased with you.
You visited 1 branch of the dungeon, and saw 10 of its levels.

You collected 555 gold pieces.

Inventory:

Hand Weapons
 N - the +3 rapier of Egomania (weapon) {venom, *Rage Int+8 Dex+3}
   (You took it off a gnoll sergeant on level 9 of the Dungeon)

   Int:       It affects your intelligence (+8).
   Dex:       It affects your dexterity (+3).
   *Rage:     It berserks you when you make melee attacks (+20% chance).
Missiles
 a - 21 poisoned darts
 q - 6 curare-tipped darts
Armour
 c - a +0 hat (worn)
 o - a +0 troll leather armour (worn)
 A - a +0 cloak (worn)
Jewellery
 p - a ring of fire
 r - an amulet of faith
 z - an amulet of regeneration (around neck)
 F - a ring of protection from fire (left hand)
 H - a ring of positive energy
 I - the amulet "Gipoosyt" {Reflect Str-4 Int+7 Dex+3 SH+5 SInv}
   (You found it on level 7 of the Dungeon)

   [amulet of reflection]

   It reflects blocked missile attacks.
   Str:       It affects your strength (-4).
   Int:       It affects your intelligence (+7).
   Dex:       It affects your dexterity (+3).
   SInv:      It lets you see invisible.
   SH:        It affects your SH (+5).
 K - a +5 ring of evasion (right hand)
Wands
 s - a wand of charming (14)
 G - a wand of roots (10)
 L - a wand of digging (7)
Scrolls
 e - a scroll of magic mapping {unknown}
 f - 5 scrolls of immolation
 j - 2 scrolls of fear
 l - a scroll of blinking
 n - 2 scrolls of silence
 t - 3 scrolls of brand weapon
 u - 3 scrolls of enchant armour
 w - 6 scrolls of teleportation
 B - 2 scrolls of enchant weapon
 E - a scroll of fog
 M - a scroll of acquirement {unknown}
 P - a scroll of summoning {unknown}
Potions
 b - 4 potions of magic {unknown}
 d - a potion of haste {unknown}
 g - 2 potions of cancellation {unknown}
 h - 2 potions of mutation {unknown}
 i - 4 potions of curing
 k - 4 potions of heal wounds
 m - a potion of resistance
 v - 3 potions of invisibility {unknown}
 x - 2 potions of brilliance
 C - 2 potions of attraction {unknown}
 D - 2 potions of ambrosia {unknown}
 J - a potion of might {unknown}
 O - a potion of lignification {unknown}


   Skills:
 + Level 7.0 Fighting
 + Level 9.3 Dodging
 + Level 7.7 Stealth
 * Level 9.4 Spellcasting


You knew the following spells:

 Your Spells              Type           Power      Damage    Failure   Level
a - Magic Dart            Conj           100%       1d8       1%          1
b - Slow                  Hex            100%       N/A       1%          1
c - Blink                 Tloc           100%       N/A       1%          2
d - Call Imp              Summ           59%        N/A       1%          2
e - Mephitic Cloud        Conj/Pois/Air  59%        N/A       1%          3
f - Beastly Appendage     Tmut           100%       N/A       1%          1
g - Searing Ray           Conj           100%       2d8       1%          2
h - Momentum Strike       Conj/Tloc      100%       3d10      1%          2
i - Spider Form           Tmut/Pois      59%        N/A       1%          3
j - Arcjolt               Conj/Air       29%        1d39      3%          5
Your spell library was empty.

Dungeon Overview and Level Annotations

Branches:
Dungeon (10/15)            Temple (0/1) D:4            Lair (0/5) D:8
    Orc: D:9-12

Altars:
Ashenzari
Cheibriados
Elyvilon
Fedhas
Gozag
Hepliaklqana
Makhleb
Okawaru
Qazlal
Ru
Wu Jian
Xom
Yredelemnul
Zin

Shops:
D:2 (   D:4 ?   D:6 *   D:8 [

Annotations:
D:3 1 runed translucent door, Crazy Yiuf


Innate Abilities, Weirdness & Mutations

You are immune to sickness and miasma.
You are immune to poison.
Your flesh is very heat resistant. (rF++)
You are vulnerable to cold. (rC-)
You float through the air rather than walking.
You learn spells naturally, not from books.
Your magical power is your life essence.
You have superior vitality. (+4 MHP)


Message History

Electricity surges outward!
You kill the kobold!
Makhleb accepts your kill.
You kill the kobold!
Makhleb accepts your kill.
You feel better.
The yak is almost dead.
A gargoyle comes into view. It is wielding a +0 flail.
Unknown command.
The yak completely misses you.
Your magical contamination has completely faded away.
Casting: Arcjolt (dangerous; 3% risk of failure)
Confirm with . or Enter, or press ? or * to list all spells.
Electricity surges outward!
You kill the yak!
Makhleb accepts your kill.
You feel better.
The gargoyle completely resists.
Your Fighting skill increases to level 7!
Casting: Arcjolt (dangerous; 3% risk of failure)
Confirm with . or Enter, or press ? or * to list all spells.
Electricity surges outward!
The gargoyle resists.
The gargoyle is moderately damaged.
The gargoyle hits you with a +0 flail!
Unknown command.
The searing ray hits the gargoyle but does no damage.
The gargoyle is moderately damaged. (Press . to maintain the ray.)
A kobold comes into view.
It is wielding a +0 club and quivering poisoned darts.
The gargoyle hurls a stone arrow at you.
The stone arrow hits you!!
The gargoyle hurls a stone arrow at you.
The stone arrow hits you!!
* * * LOW HITPOINT WARNING * * *
The gargoyle hurls a stone arrow at you.
The stone arrow hits you!
* * * LOW HITPOINT WARNING * * *
You see here 5 scrolls of noise.
The gargoyle hurls a stone arrow at you.
The stone arrow hits you!!
You die...

#.# ♣ ♣.♣ #######.# ♣♣ ♣.♣.K
#.....#.# .~~.♣.♣)♣ #.....#.#
.≈≈≈...)♣ #.......# ♣♣)♣♣
#.....#.#############.).####
#.....#............9K)........
###.#######.###.?..##.###.####
#. #.# #@.####.# .# # ### #..#
#.# # #..# #.# #### ###


You could see a gargoyle and a kobold.

Vanquished Creatures
  2 two-headed ogres (D:10)
  2 trolls
  23 yaks
  A wraith (D:10)
  A wyvern (D:8)
  A steam dragon (D:8)
  4 water moccasins
  An acid dragon (D:9)
  An orc warrior (D:9)
  An ice beast (D:5)
  2 black bears (D:6)
  An ogre (D:5)
  2 sky beasts (D:7)
  3 centaurs
  2 phantoms (D:6)
  A kobold brigand (D:10)
  2 gnoll sergeants
  6 bullfrogs
  2 scorpions
  9 wights
  10 killer bees
  2 howler monkeys (D:9)
  4 electric eels
  A crimson imp (D:4)
  2 hounds
  3 orc priests
  3 sleepcaps
  Natasha (D:3)
  3 iguanas
  9 orc wizards
  7 gnolls
  6 adders
  2 shadow imps
  4 ufetubi
  3 worms
  A dart slug (D:3)
  10 orcs
  4 ball pythons
  4 endoplasms
  A giant cockroach (D:1)
  6 goblins
  4 hobgoblins
  7 jackals
  A quokka (D:2)
  2 bats
  3 frilled lizards
  14 kobolds
  4 rats
188 creatures vanquished.

Vanquished Creatures (collateral kills)
  2 ogres
  A black bear (D:4)
  A kobold brigand (D:9)
  A scorpion (D:6)
  A killer bee (D:9)
  2 howler monkeys (D:9)
  A hound (D:4)
  An orc priest (D:4)
  Natasha (twice) (D:3)
  2 orc wizards (D:4)
  A mummy (D:4)
  3 gnolls
  An adder (D:2)
  3 orcs (D:4)
  A ball python (D:4)
  3 goblins
  4 jackals
  A quokka (D:3)
  2 kobolds (D:9)
33 creatures vanquished.

Vanquished Creatures (others)
  A killer bee (D:8)
  A fungus (D:3)
  31 plants
33 creatures vanquished.

Grand Total: 254 creatures vanquished

Notes
Turn   | Place    | Note
-------+----------+-------------------------------------------
     0 | D:1      | Gerhazo the Djinni Hedge Wizard began the quest for the
                  | Orb.
     0 | D:1      | Gerhazo set off with the following spells memorised: Magic
                  | Dart, Slow, Blink, Call Imp, Mephitic Cloud.
     0 | D:1      | Reached XP level 1. HP: 15/15 MP: 0/0
   129 | D:1      | Reached XP level 2. HP: 14/21 MP: 0/0
   405 | D:2      | Found a faded altar of an unknown god.
   481 | D:2      | Reached XP level 3. HP: 20/25 MP: 0/0
   481 | D:2      | Learned a level 1 spell: Beastly Appendage
   694 | D:2      | Reached XP level 4. HP: 12/31 MP: 0/0
   946 | D:3      | Noticed Natasha
   951 | D:3      | Killed Natasha
  1028 | D:3      | Reached XP level 5. HP: 33/35 MP: 0/0
  1028 | D:3      | Learned a level 2 spell: Searing Ray
  1222 | D:4      | Noticed a bullfrog
  1233 | D:4      | Killed a bullfrog
  1234 | D:4      | Reached XP level 6. HP: 1/40 MP: 0/0
  1418 | D:4      | Noticed a black bear
  1424 | D:4      | Killed a black bear
  1564 | D:4      | Found Cyanugh's Magic Scroll Shop.
  1607 | D:3      | Noticed Natasha
  1629 | D:3      | Found an iron altar of Okawaru.
  1794 | D:3      | Killed Natasha
  1795 | D:3      | Reached XP level 7. HP: 39/45 MP: 0/0
  1795 | D:3      | Learned a level 2 spell: Momentum Strike
  2245 | D:4      | Found a snail-covered altar of Cheibriados.
  2321 | D:4      | Found a burning altar of Makhleb.
  2324 | D:4      | Found a shimmering altar of Xom.
  2339 | D:4      | Became a worshipper of Makhleb the Destroyer
  3017 | D:2      | Found Velu's Weapon Shoppe.
  3362 | D:3      | Noticed Natasha
  3377 | D:3      | Killed Natasha
  3451 | D:3      | Found an ornate altar of the Wu Jian Council.
  3454 | D:3      | Found a white marble altar of Elyvilon.
  3543 | D:3      | Found a runed translucent door.
  3546 | D:3      | Upgraded the game from 0.30-a0-870-gc5d4c5acee to
                  | 0.30-a0-878-gc727b3d3d6
  3547 | D:3      | Noticed Crazy Yiuf
  3756 | D:4      | Found a staircase to the Ecumenical Temple.
  3848 | D:5      | Entered Level 5 of the Dungeon
  3973 | D:5      | Reached skill level 5 in Spellcasting
  3974 | D:5      | Reached skill level 5 in Dodging
  3974 | D:5      | Reached XP level 8. HP: 50/50 MP: 0/0
  4041 | D:5      | Reached skill level 1 in Fighting
  4488 | D:5      | Found a broken altar of Ashenzari.
  4704 | D:6      | Reached * piety under Makhleb
  4872 | D:6      | Found Gozag's Platinum Reserve.
  4874 | D:6      | Found an opulent altar of Gozag.
  5044 | D:6      | Reached XP level 9. HP: 44/59 MP: 0/0
  5044 | D:6      | Learned a level 3 spell: Spider Form
  5176 | D:6      | Reached skill level 5 in Stealth
  5622 | D:7      | Found a sacrificial altar of Ru.
  5746 | D:7      | Identified the amulet "Gipoosyt" {Reflect Str-4 Int+7 Dex+3
                  | SH+5 SInv}
  5919 | D:7      | Found a stormy altar of Qazlal.
  5922 | D:7      | Found a glowing silver altar of Zin.
  6057 | D:7      | Reached ** piety under Makhleb
  6260 | D:7      | Found a blossoming altar of Fedhas.
  6530 | D:7      | Reached XP level 10. HP: 60/67 MP: 0/0
  6621 | D:8      | Found Forgha's Armour Shoppe.
  7325 | D:8      | Noticed a death yak
  7664 | D:8      | Reached skill level 5 in Fighting
  7861 | D:7      | Upgraded the game from 0.30-a0-878-gc727b3d3d6 to
                  | 0.30-a0-879-ga8ba668304
  8139 | D:9      | Identified the +3 rapier of Egomania {venom, *Rage Int+8
                  | Dex+3}
  8142 | D:9      | Reached *** piety under Makhleb
  8193 | D:9      | Identified the +1 whip "Sykurgh" {elec, rElec rF- Str+3
                  | Stlth+}
  8205 | D:9      | Found a basalt altar of Yredelemnul.
  8376 | D:9      | Reached XP level 11. HP: 60/76 MP: 0/0
  8376 | D:9      | Learned a level 5 spell: Arcjolt
  8660 | D:10     | Entered Level 10 of the Dungeon
  8950 | D:8      | Found a staircase to the Lair.
  9113 | D:10     | Noticed a two-headed ogre
  9151 | D:10     | Killed a two-headed ogre
  9168 | D:10     | Reached **** piety under Makhleb
  9263 | D:10     | Found a hazy altar of Hepliaklqana.
  9538 | D:10     | Noticed a two-headed ogre
  9540 | D:10     | Killed a two-headed ogre
  9555 | D:10     | Killed from afar by a gargoyle

Illustrated notes

Levels and vault maps discovered:
D:1:      heliophobic_arrival_glass_houses, layout_basic,
          kennysheep_small_spiral, kennysheep_decorative_pillar
D:2:      layout_rooms, basic_altar, serial_shops,
          nicolae_shop_bloodbath_and_beyond, shapermc_ecumenical_altar_ellora,
          minmay_heptomino_d4
D:3:      layout_rooms, nicolae_overflow_squiral, lemuel_crystal_altar,
          dk_vineyard_1, uniq_natasha, uniq_crazy_yiuf_cottage
D:4:      cheibrodos_pilgrimage, layout_loops_ring,
          grunt_temple_overflow_champion_of_chaos, slow_altar_1,
          minmay_temple_entry_junction, serial_shops, shop, minmay_unequal
D:5:      layout_loops_ring, nicolae_ashenzari_skybound, lemuel_round_altar
D:6:      layout_gridville, mainiacjoe_overflow_24_doors,
          nicolae_gozag_zags_fifth_avenue, serial_bayou, serial_bayou_shore_a,
          serial_bayou_ford_a, serial_bayou_shore_b, serial_bayou_crossing,
          serial_bayou_lagoon_b, chequers_serial_rivers_room_a
D:7:      layout_basic, nicolae_ru_awakened_eye, fedhas_altar_fruit_tree,
          mainiacjoe_overflow_alcove_2, mainiacjoe_overflow_catwalk,
          palyth_stone_intersect
D:8:      argonaut_augean_stables, layout_loops_ring, david_lair_shrubbed,
          serial_shops, nicolae_lakefront_shop
D:9:      layout_rooms, overflow_temple_1_default, serial_bayou_pond_a,
          minmay_misc_feat_x
D:10:     nzn_winding_woodlands_medium [nzn_winding_woodlands_5x5_open_star,
          nzn_winding_woodlands_5x15_longhouse, nzn_winding_woodlands_5x5_three,
          nzn_winding_woodlands_5x5_closed_star,
          nzn_winding_woodlands_center_triple_pond,
          nzn_winding_woodlands_5x5_cross, nzn_winding_woodlands_hourglass,
          nzn_winding_woodlands_5x15_pathside_ponds,
          nzn_winding_woodlands_5x5_checkerboard], layout_loops_ring,
          nicolae_hepliaklqana_hazy_memory, grunt_decor_clamped,
          dreamdust_princess_bridge

Skill      XL: |  1  2  3  4  5  6  7  8  9 10 11 |
---------------+----------------------------------+-----
Stealth        | 2 3 4 5 6 7 |  7.7
Spellcasting   | 3 4 5 6 7 8 9 |  9.4
Dodging        | 3 4 5 7 8 9 |  9.3
Fighting       | 2 4 5 7 |  7.0

Action                     |  1- 3 |  4- 6 |  7- 9 | 10-12 || total
---------------------------+-------+-------+-------+-------++-------
  Melee: Whip              |       |       |     1 |       ||     1
         Rapier            |       |       |       |     1 ||     1
   Cast: Magic Dart        |    61 |    19 |       |     2 ||    82
         Call Imp          |     3 |    14 |    34 |    48 ||    99
         Searing Ray       |       |     9 |    83 |    64 ||   156
         Mephitic Cloud    |       |     2 |     2 |     8 ||    12
         Momentum Strike   |       |       |     1 |       ||     1
         Blink             |       |       |       |     2 ||     2
         Arcjolt           |       |       |       |    27 ||    27
    Use: Scroll            |       |       |       |    15 ||    15
         Potion            |       |       |       |     2 ||     2
 Armour: Robe              |     2 |     3 |    15 |     2 ||    22
         Troll leather arm |       |       |       |    12 ||    12
         Steam dragon scal |       |       |       |     3 ||     3
  Dodge: Dodged            |    10 |    14 |    61 |   195 ||   280

Table legend: (Time is in decaauts)
 A = Elapsed time spent in this place.
 B = Non-inter-level travel time spent in this place.
 C = Inter-level travel time spent in this place.
 D = Time resting spent in this place.
 E = Time spent auto-exploring this place.
 F = Levels seen in this place.
 G = Mean time per level.
                   A        B        C        D        E       F      G
               +--------+--------+--------+--------+--------+-----+--------+
         Total |   9567 |   9053 |    514 |   1124 |   5270 |  10 |  956.7 |
       Dungeon |   9567 |   9053 |    514 |   1124 |   5270 |  10 |  956.7 |
               +--------+--------+--------+--------+--------+-----+--------+

Top non-repeatable levels by time:
     D:8: 1410 daAuts
     D:4: 1352 daAuts
     D:7: 1233 daAuts
     D:6: 949 daAuts
     D:1: 940 daAuts
     D:2: 837 daAuts
     D:9: 816 daAuts
     D:5: 815 daAuts
     D:3: 719 daAuts
    D:10: 491 daAuts
